 Dungeon Crawl Stone Soup version 0.29.1-12-g30fa7ad0bf (webtiles) character file.

Game seed: 7381020688925773912

2717 xian the Destroyer (level 9, -5/61 HPs)
             Began as a Demonspawn Conjurer on Dec 27, 2022.
             Asphyxiated
             ... on level 6 of the Dungeon.
             The game lasted 00:17:44 (6935 turns).

xian the Destroyer (Demonspawn Conjurer)            Turns: 6935, Time: 00:17:47

Health: -5/61      AC:  5    Str: 16    XL:     9   Next: 39%
Magic:  19/19      EV: 12    Int: 23    God:
Gold:   404        SH:  0    Dex: 12    Spells: 18/21 levels left

rFire   . . .      SeeInvis .   d - +0 dagger
rCold   . . .      Faith    .   (no shield)
rNeg    . . .      Spirit   .   K - +0 leather armour
rPois   .          Reflect  .   (no helmet)
rElec   .          Harm     .   L - +0 cloak of Caussot {Will+ Str+2 Slay+2}
rCorr   .          Rampage  .   (no gloves)
Will    ++...                   B - +0 pair of boots
Stlth   +++.......              q - amulet of magic regeneration
HPRegen 0.20/turn               k - +6 ring of strength
MPRegen 0.56/turn               r - ring of willpower

@: lethally poisoned (-5 -> -25), slowed, very slow
A: hooves 2, demonic magic 2
a: no special abilities


You were on level 6 of the Dungeon.
You visited 1 branch of the dungeon, and saw 6 of its levels.
You also visited: Ossuary.

You collected 404 gold pieces.

Inventory:

Hand Weapons
 d - a +0 dagger (weapon)
Missiles
 E - 2 throwing nets
Armour
 g - a +0 chain mail
 B - a +0 pair of boots (worn)
 K - a +0 leather armour (worn)
 L - the +0 cloak of Caussot (worn) {Will+ Str+2 Slay+2}
   (You found it on level 6 of the Dungeon)

   Str:       It affects your strength (+2).
   Slay:      It affects your accuracy & damage with ranged weapons and melee
   (+2).
   Will:      It increases your willpower.
Magical Staves
 j - a staff of death
Jewellery
 k - a +6 ring of strength (left hand)
 q - an amulet of magic regeneration (around neck)
 r - a ring of willpower (right hand)
Wands
 o - a wand of iceblast (18)
 p - a wand of digging (1)
 u - a wand of light (20)
 G - a wand of polymorph (31)
 H - a wand of charming (7)
Scrolls
 a - 3 scrolls of vulnerability {unknown}
 c - 5 scrolls of teleportation {unknown}
 f - 3 scrolls of enchant weapon {unknown}
 h - 4 scrolls of identify {unknown}
 i - 3 scrolls of amnesia {unknown}
 t - 2 scrolls of blinking {unknown}
 w - 2 scrolls of magic mapping {unknown}
 y - a scroll of brand weapon {unknown}
 F - a scroll of fear {unknown}
 I - a scroll of acquirement {unknown}
Potions
 b - 2 potions of magic
 e - a potion of heal wounds {unknown}
 l - a potion of brilliance {unknown}
 m - a potion of resistance {unknown}
 n - a potion of lignification {unknown}
 s - 3 potions of curing {unknown}
 v - 2 potions of cancellation {unknown}
 x - a potion of mutation {unknown}
 z - a potion of degeneration {unknown}
 A - 2 potions of flight {unknown}
 C - 3 potions of might {unknown}
 D - 2 potions of haste {unknown}
 J - a potion of ambrosia {unknown}


   Skills:
 + Level 2.1 Fighting
 + Level 1.5 Short Blades
 + Level 2.1 Armour
 + Level 3.9 Dodging
 + Level 6.4 Stealth
 + Level 6.6 Spellcasting
 + Level 8.0 Conjurations


You had 18 spell levels left.
You knew the following spells:

 Your Spells              Type           Power      Damage    Failure   Level
a - Magic Dart            Conj           100%       1d8       1%          1
b - Searing Ray           Conj           88%        2d7       1%          2

Your spell library contained the following spells:

 Spells                   Type           Power      Damage    Failure   Level
 Dazzling Flash           Conj/Hex       52%        N/A       5%          3
 Stone Arrow              Conj/Erth      52%        3d10      5%          3
 Freeze                   Ice            28%        1d5       10%         1
 Fulminant Prism          Conj/Hex       13%        3d9       19%         4
 Hailstorm                Conj/Ice       26%        3d7       19%         4
 Iskenderun's Mystic Bla  Conj/Tloc      26%        2d7       19%         4
 Frozen Ramparts          Ice            14%        1d3       30%         3
 Ozocubu's Armour         Ice            7%         N/A       30%         3
 Animate Armour           Summ/Erth      14%        N/A       69%         4
 Metabolic Englaciation   Hex/Ice        3%         N/A       95%         5
 Simulacrum               Ice/Necr       3%         N/A       100%        6
 Lehudib's Crystal Spear  Conj/Erth      13%        10d4      100%        8


Dungeon Overview and Level Annotations

Branches:
Dungeon (6/15)             Temple (0/1) D:4         Ossuary (visited)

Altars:
Cheibriados
Gozag
Kikubaaqudgha


Innate Abilities, Weirdness & Mutations

You have hoof-like feet.
Spells you cast may paralyse nearby enemies.


Message History

Confirm with . or Enter, or press ? or * to list all spells.
Aiming: Searing Ray (safe; 1% risk of failure)
Press: ? - help, Shift-Dir - straight line, f - kobold brigand
Aim: a kobold brigand, wielding a +0 short sword and quivering curare-tipped darts (77% to hit)
The searing ray hits the kobold brigand!
The kobold brigand is heavily wounded. (Press . to maintain the ray.) Malevolent energies surge around you.
The searing ray hits the kobold brigand.
The kobold brigand is heavily wounded.
Unknown command.
The searing ray hits the kobold brigand.
The kobold brigand is severely wounded.
The kobold brigand hits you but does no damage.
Unknown command.
The searing ray hits the kobold brigand.
The kobold brigand is severely wounded.
The searing ray hits the kobold brigand!
The kobold brigand is moderately wounded.
You finish channelling your searing ray.
The kobold brigand attacks as you move away!
The kobold brigand hits you with a +0 dagger.
The kobold brigand hits you with a +0 short sword.
The kobold brigand throws a poisoned dart.
The poisoned dart misses you.
The kobold brigand hits you but does no damage.
The kobold brigand throws a curare-tipped dart.
The curare-tipped dart hits you.
You are poisoned.
You have difficulty breathing.
You feel yourself slow down.
You feel very sick.
The kobold brigand zaps a wand.
The bolt of light hits you!!
You feel very sick.
You feel sick.
The kobold brigand zaps a wand.
The bolt of light hits you!
* * * LOW HITPOINT WARNING * * *
The kobold brigand throws a curare-tipped dart.
The curare-tipped dart hits you.
You are more poisoned.
You have difficulty breathing.
You die...

#########
#.......#####
#.#.........#
#...##'''##.# ####
#..##.....#####...
#KK#..#.#..# #..##
#K.#8.#.# 8###.##.
#..#..#.# #...##.
##@.##.. . #.<....
#########....##?!?
######.
###.....))...###
## ########.
#...#######.##
#........ #####
##..(# ##.######.
#..###### #..# ##
#.....).#####.##
#######
#######.......# #
......# ##...####
#


You could see 3 kobold brigands.

Vanquished Creatures
  The ghost of BillyBaka the Spear-Bearer, a novice MiFi (D:6)
  An orc warrior (D:6)
  3 black bears
  3 ogres
  3 phantoms
  6 kobold brigands (D:6)
  A scorpion (D:5)
  A necrophage (D:5)
  3 wights (D:6)
  A vampire bat (D:6)
  3 hounds
  A jelly (D:6)
  6 orc priests
  3 iguanas
  A mummy (Ossuary)
  7 adders
  4 gnolls (D:4)
  A shadow imp (D:3)
  2 white imps
  6 worms
  23 orcs
  5 spectral bats (Ossuary)
  4 bat skeletons (D:6)
  2 bat zombies (D:6)
  7 endoplasms
  5 giant cockroaches
  12 gnoll zombies (Ossuary)
  7 goblins
  8 hobgoblins
  3 quokkas (D:4)
  4 ball pythons
  7 bats
  2 bat simulacra (Ossuary)
  5 goblin simulacra (Ossuary)
  3 goblin zombies (Ossuary)
  5 hobgoblin zombies (Ossuary)
  4 kobolds
  7 kobold simulacra (Ossuary)
  5 kobold zombies (Ossuary)
  5 orc zombies (Ossuary)
  5 rats
  A rat simulacrum (Ossuary)
  4 spectral goblins (Ossuary)
  5 spectral kobolds (Ossuary)
  A spectral rat (Ossuary)
196 creatures vanquished.

Vanquished Creatures (others)
  3 fungi (D:6)
  A plant (D:6)
4 creatures vanquished.

Grand Total: 200 creatures vanquished

Notes
Turn   | Place    | Note
-------+----------+-------------------------------------------
     0 | D:1      | xian the Demonspawn Conjurer began the quest for the Orb.
     0 | D:1      | Reached XP level 1. HP: 13/13 MP: 3/3
   313 | D:1      | Gained mutation: You have large cloven feet. [demonic
                  | ancestry]
   313 | D:1      | Reached XP level 2. HP: 19/19 MP: 1/5
  1002 | D:2      | Learned a level 2 spell: Searing Ray
  1227 | D:2      | Gained mutation: Spells you cast may paralyse adjacent
                  | enemies. [demonic ancestry]
  1227 | D:2      | Reached XP level 3. HP: 24/24 MP: 0/6
  1305 | D:2      | Found a faded altar of an unknown god.
  2284 | D:3      | Found a snail-covered altar of Cheibriados.
  2357 | D:3      | Reached skill level 5 in Conjurations
  2362 | D:3      | Gained mutation: Spells you cast may paralyse nearby
                  | enemies. [demonic ancestry]
  2362 | D:3      | Reached XP level 4. HP: 27/30 MP: 1/8
  2418 | D:3      | Found an opulent altar of Gozag.
  2952 | D:4      | Found a sand-covered staircase.
  2960 | Ossuary  | Entered an ossuary
  3076 | Ossuary  | Gained mutation: You have hoof-like feet. [demonic
                  | ancestry]
  3076 | Ossuary  | Reached XP level 5. HP: 32/35 MP: 6/9
  3450 | D:4      | Found a staircase to the Ecumenical Temple.
  3547 | D:4      | Noticed a phantom
  3557 | D:4      | Killed a phantom
  3558 | D:4      | Reached XP level 6. HP: 34/41 MP: 5/11
  4339 | D:5      | Entered Level 5 of the Dungeon
  4585 | D:5      | Reached skill level 1 in Short Blades
  4585 | D:5      | Reached XP level 7. HP: 47/47 MP: 8/13
  4617 | D:5      | Reached skill level 1 in Fighting
  4617 | D:5      | Reached skill level 6 in Conjurations
  5393 | D:5      | Reached skill level 5 in Spellcasting
  5393 | D:5      | Reached XP level 8. HP: 54/54 MP: 13/15
  5787 | D:6      | Reached skill level 5 in Stealth
  5893 | D:6      | Reached skill level 7 in Conjurations
  6133 | D:6      | Found an ancient bone altar of Kikubaaqudgha.
  6397 | D:6      | Identified the +0 cloak of Caussot {Will+ Str+2 Slay+2}
  6515 | D:6      | Found a runed translucent gate.
  6515 | D:6      | Found a runed translucent gate.
  6515 | D:6      | Found a runed translucent gate.
  6516 | D:6      | Noticed BillyBaka's ghost (novice MiFi)
  6541 | D:6      | Reached XP level 9. HP: 17/61 MP: 12/18
  6542 | D:6      | HP: 1/61 [BillyBaka's ghost (3)]
  6543 | D:6      | Reached skill level 1 in Armour
  6545 | D:6      | Killed BillyBaka's ghost
  6610 | D:6      | Reached skill level 8 in Conjurations
  6611 | D:6      | HP: 3/61 [poisoned by a kobold brigand (curare-tipped
                  | dart)]
  6935 | D:6      | HP: 1/61 [kobold brigand/bolt of light (16)]
  6935 | D:6      | Asphyxiated

Illustrated notes

Levels and vault maps discovered:
D:1:      spicycebolla_arrival_xxxplode, layout_basic
D:2:      layout_loops_ring, shapermc_ecumenical_altar_ellora
D:3:      layout_basic, cheibriados_altar_1, grunt_gozag_statues,
          grunt_ministairs_2, kennysheep_generic_room_12
D:4:      layout_basic, minmay_temple_entry_statues, serial_glass,
          glass_columns_a, glass_columns_a, glass_columns_a, glass_columns_b,
          chequers_ossuary_entry_cave, minmay_fractal_squares_gapless_5
D:5:      layout_loops_ring
D:6:      layout_rooms, kennysheep_vampire_church, gammafunk_ghost_nasty_kobolds

Skill      XL: |  1  2  3  4  5  6  7  8  9 |
---------------+----------------------------+-----
Stealth        | 2 3 4 5 6 |  6.4
Conjurations   | 5 6 7 8 |  8.0
Dodging        | 2 3 |  3.9
Spellcasting   | 3 4 5 6 |  6.6
Short Blades   | 1 |  1.5
Fighting       | 1 2 |  2.1
Armour         | 2 |  2.1

Action                   |  1- 3 |  4- 6 |  7- 9 || total
-------------------------+-------+-------+-------++-------
Melee: Dagger            |     3 |    36 |    10 ||    49
       Unarmed           |     1 |       |       ||     1
       Kick              |     1 |       |       ||     1
 Cast: Magic Dart        |    67 |    70 |    60 ||   197
       Searing Ray       |     8 |    34 |    34 ||    76
 Stab: Paralysed         |       |    14 |     4 ||    18
       Sleeping          |       |     2 |     2 ||     4
Armor: Robe              |     7 |    13 |     4 ||    24
       Leather armour    |       |       |     8 ||     8
Dodge: Dodged            |     8 |    38 |    25 ||    71
